 Dungeon Crawl Stone Soup version 0.17-a0-131-ga9cda9c (webtiles) character file.

1045 xeno23 the Chiller (level 8, -3/60 HPs)
             Began as a Merfolk Ice Elementalist on Mar 24, 2015.
             Killed from afar by an oklob plant (16 damage)
             ... with a splash of acid
             ... on level 5 of the Dungeon.
             The game lasted 00:40:57 (4221 turns).

xeno23 the Chiller (Merfolk Ice Elementalist)       Turns: 4221, Time: 00:40:58

Health: -3/60      AC:  4    Str:  8    XL:     8   Next: 25%
Magic:  17/28      EV: 13    Int: 17    God:
Gold:   265        SH:  0    Dex: 14    Spells: 4 memorised, 4 levels left

rFire  + . .     SeeInvis .     m - staff of power
rCold  . . .     Clarity  .     A - +3 leather armour {rF+}
rNeg   . . .     SustAb   .     (no shield)
rPois  .         Gourm    .     H - +1 helmet
rElec  .         Spirit   .     w - +0 cloak
rCorr  .         Warding  .     (no gloves)
rMut   .         Stasis   .     (no boots)
MR     .....                    q - amulet of regeneration
Stlth  ++........               G - ring of wizardry
                                p - ring of flight

@: corroded equipment, very slightly contaminated, not resistant to hostile
enchantments, unstealthy
A: change form in water, swift swim
a: Evoke Flight


You were on level 5 of the Dungeon.
You were not hungry.

You visited 1 branch of the dungeon, and saw 5 of its levels.

You collected 265 gold pieces.

Inventory:

Hand weapons
 o - a +1 falchion of protection
 v - a +3 quarterstaff of chaos
 B - a +0 scythe
Missiles
 j - 48 stones
 z - 4 tomahawks (quivered)
Armour
 w - a +0 cloak (worn)
 A - a +3 leather armour of fire resistance (worn)
 C - a +0 buckler
 H - a +1 helmet (worn)
Magical staves
 m - an uncursed staff of power (weapon)
Jewellery
 p - a ring of flight (left hand)
 q - an amulet of regeneration (around neck)
 G - a ring of wizardry (right hand)
Magical devices
 F - a wand of enslavement (16)
Scrolls
 a - a scroll of amnesia {unknown}
 d - 2 scrolls of enchant weapon {unknown}
 e - 5 scrolls of random uselessness {unknown}
 i - a scroll of teleportation
 k - 2 scrolls of recharging {unknown}
 r - 2 scrolls of remove curse {unknown}
 s - a scroll of immolation {unknown}
 x - a scroll of enchant armour {unknown}
 D - a scroll of fear {unknown}
 E - a scroll of blinking {unknown}
Potions
 h - a potion of resistance
 l - 3 potions of magic
 n - a potion of ambrosia
 t - 2 potions of cancellation
 u - 2 potions of restore abilities
Books
 b - a book of Frost

   Spells                             Type                      Level
   a - Freeze                         Ice                          1
   b - Throw Frost                    Conjuration/Ice              2
   c - Ozocubu's Armour               Charms/Ice                   3
   d - Throw Icicle                   Conjuration/Ice              4
   e - Summon Ice Beast               Ice/Summoning                4
   f - Condensation Shield            Ice                          4
Comestibles
 c - 3 bread rations
 g - 3 fruits


   Skills:
 * Level 4.0 Fighting
 - Level 2.0 Polearms
 * Level 1.5 Armour
 + Level 4.7 Dodging
 - Level 2.1 Stealth
 * Level 3.8 Spellcasting
 * Level 2.7 Conjurations
 * Level 3.1 Charms
 * Level 2.6 Summonings
 * Level 4.8 Ice Magic


You had 4 spell levels left.
You knew the following spells:

 Your Spells              Type           Power        Failure   Level  Hunger
a - Freeze                Ice            ###.         1%          1    None
b - Ozocubu's Armour      Chrm/Ice       ###.....     7%          3    ###....
c - Summon Ice Beast      Ice/Summ       ###.....     26%         4    ####...
q - Throw Frost           Conj/Ice       ###...       4%          2    ##.....


Dungeon Overview and Level Annotations

Branches:
Dungeon (5/15)
 Temple: D:4-7

Altars:
Ashenzari
Cheibriados
Fedhas
Nemelex Xobeh
Ru
Sif Muna
Zin

Annotations:
D:4 xeno23's ghost, experienced MfIE
D:5 exclusion: oklob plant


Message History

You miscast Ozocubu's Armour.
You are very lightly contaminated with residual magic.
Your ice beast hits the oklob plant but does no damage.
The oklob plant spits acid at you. The splash of acid hits you!
The acid corrodes your equipment!
The acid burns!
Casting: Ozocubu's Armour
Confirm with . or Enter, or press ? or * to list all spells.
You miscast Summon Ice Beast.
A chill runs through your body.
Your ice beast disappears in a puff of smoke!
The oklob plant spits acid at you. The splash of acid hits you!
* * * LOW HITPOINT WARNING * * *
The acid burns!
* * * LOW HITPOINT WARNING * * *
Casting: Summon Ice Beast
Confirm with . or Enter, or press ? or * to list all spells.
A chill wind blows around you. The oklob plant spits acid at you.
The splash of acid hits you!
You die...

#PPPP.≈≈≈≈._.≈≈≈≈.PP.
#P.P..≈≈≈≈...≈≈≈≈.P#P
#.#P..≈≈≈≈≈.≈≈≈≈≈.♣P.
#P..P..≈≈≈≈.≈≈≈≈..P##
#PPP#P..≈≈≈.≈≈≈..♣♣.P
#P.PPPP..≈≈.≈≈..#P♣P#


#PPPPPPP.......P♣PPP♣ #P%.#PP.##PP♣PPP#P##P ##P%@%.PP♣PPPPP♣P.P
#PPPY♣#PP♣PPP..#P♣PPP #PP.#PPP#.P#PP#PPP PP ################### You could see an
oklob plant and a friendly ice beast.

Vanquished Creatures
  Prince Ribbit (D:5)
  Eustachio (D:4)
  A sky beast (D:5)
  Sigmund (D:3)
  A centaur zombie (D:3)
  2 orc priests
  2 hounds (D:5)
  Crazy Yiuf (D:2)
  2 iguanas
  2 orc wizards
  A worker ant (D:4)
  Ijyb (D:2)
  Jessica (D:2)
  2 river rats (D:4)
  7 adders
  A giant mite (D:3)
  A worm (D:4)
  3 giant geckos
  An ooze (D:4)
  11 orcs
  7 giant cockroaches
  11 hobgoblins
  2 jackals (D:1)
  7 kobolds
  A quokka (D:2)
  2 ball pythons
  8 bats
  5 giant newts
  9 goblins
  10 rats
  A fungus (D:5)
106 creatures vanquished.

Notes
Turn   | Place    | Note
--------------------------------------------------------------
     0 | D:1      | xeno23, the Merfolk Ice Elementalist, began the quest for the Orb.
     0 | D:1      | Reached XP level 1. HP: 13/13 MP: 3/3
   552 | D:1      | Reached XP level 2. HP: 17/20 MP: 5/5
   556 | D:1      | Learned a level 2 spell: Throw Frost
  1448 | D:1      | Reached skill level 1 in Fighting
  1448 | D:1      | Reached XP level 3. HP: 24/26 MP: 3/6
  1559 | D:1      | Found a shattered altar of Ashenzari.
  1614 | D:2      | Found a deep blue altar of Sif Muna.
  1649 | D:2      | Learned a level 3 spell: Ozocubu's Armour
  1794 | D:2      | Found a glowing silver altar of Zin.
  1794 | D:2      | Noticed an angel
  1840 | D:2      | Noticed Jessica
  1860 | D:2      | Killed Jessica
  1860 | D:2      | Reached XP level 4. HP: 13/32 MP: 0/8
  1862 | D:2      | Reached skill level 1 in Conjurations
  2156 | D:2      | Noticed Ijyb
  2175 | D:2      | Killed Ijyb
  2229 | D:2      | Noticed Crazy Yiuf
  2252 | D:2      | Killed Crazy Yiuf
  2252 | D:2      | Reached skill level 1 in Polearms
  2252 | D:2      | Reached skill level 4 in Dodging
  2368 | D:3      | Reached XP level 5. HP: 33/38 MP: 7/10
  2401 | D:3      | Noticed Sigmund
  2512 | D:3      | Learned a level 4 spell: Summon Ice Beast
  2606 | D:3      | Found a sacrificial altar of Ru.
  2636 | D:3      | Reached skill level 1 in Charms
  2640 | D:3      | Reached XP level 6. HP: 41/44 MP: 9/12
  2665 | D:3      | Killed Sigmund
  2995 | D:4      | Noticed xeno23's ghost (experienced MfIE)
  3139 | D:4      | Found a snail-covered altar of Cheibriados.
  3154 | D:4      | Noticed Eustachio
  3172 | D:4      | Killed Eustachio
  3172 | D:4      | Reached skill level 1 in Summonings
  3172 | D:4      | Reached XP level 7. HP: 46/52 MP: 10/15
  3593 | D:5      | Entered Level 5 of the Dungeon
  3645 | D:5      | Noticed Prince Ribbit
  3739 | D:5      | Killed Prince Ribbit
  3739 | D:5      | Reached skill level 1 in Armour
  3739 | D:5      | Reached XP level 8. HP: 58/60 MP: 15/17
  3760 | D:5      | Found a sparkling altar of Nemelex Xobeh.
  4045 | D:5      | Found a blossoming altar of Fedhas.
  4068 | D:5      | Noticed an oklob plant
  4221 | D:5      | Killed from afar by an oklob plant

Action                   |  1- 3 |  4- 6 |  7- 9 || total
-------------------------+-------+-------+-------++-------
Melee: Unarmed           |    13 |       |       ||    13
       Spear             |    63 |       |       ||    63
       Falchion          |    18 |   114 |       ||   132
       Staff             |       |     9 |   202 ||   211
Throw: Stone             |     2 |       |       ||     2
       Tomahawk          |       |       |     1 ||     1
 Cast: Freeze            |    16 |    49 |    46 ||   111
       Throw Frost       |     2 |     7 |    14 ||    23
       Ozocubu's Armour  |     1 |     5 |     4 ||    10
       Summon Ice Beast  |       |       |     2 ||     2
  Use: Potion            |     1 |       |       ||     1
       Scroll            |       |     7 |     1 ||     8
 Stab: Sleeping          |     3 |     2 |     4 ||     9
  Eat: Chunk             |     3 |     7 |     2 ||    12
       Meat ration       |       |       |     1 ||     1
